AoeStats
← jphilkill

Nomad

507665744Analyzed
4v4 RM · 14d ago on Sep 19, 2026· 32m 5s· 8 players
Game mode
Random Map
Map size
231×231
Population
200
Speed
Normal
Resources
Standard
Victory
Conquest
Starting age
Dark Age
Ending age
Imperial Age
RankedLock teamsTeams togetherTeam positionsShared explorationLock speedFull tech treeHidden civsTurbo modeCheats
Victory
Defeat
🇺🇸 Teutons · United States
874
+16
🇫🇷 Lithuanians · France
860
+16
🇩🇪 Huns · Germany
859
+16
🇫🇷 Tatars · France
771
+20
🇯🇵 Burgundians · Japan
955
-20
🇺🇸 Turks · United States
905
-19
🇲🇽 Persians · Mexico
894
-18
🇦🇷 Hindustanis · Argentina
705
-11
dokoenig3
20:35 Feudal Age
24:30 Fishing Lines
27:04 Castle Age
28:25 Stone Mining
28:28 Gold Mining
28:28 Double-Bit Axe
28:39 Gillnets
jphilkill
5:33 Loom
17:02 Feudal Age
17:47 Double-Bit Axe
20:29 Wheelbarrow
25:04 Castle Age
23:19 Forging
23:15 Scale Barding Armor
23:42 Gold Mining
23:46 Stone Mining
24:21 Horse Collar
24:55 Bloodlines
26:34 Medium Warships
27:38 Chain Barding Armor
27:20 Husbandry
29:52 Gold Shaft Mining
31:26 Pikeman
IsidoreDucasse
7:41 Loom
17:53 Feudal Age
18:43 Double-Bit Axe
18:30 Man-at-Arms
19:14 Gold Mining
20:55 Wheelbarrow
21:58 Bloodlines
24:33 Castle Age
25:55 Husbandry
25:16 Light Cavalry
25:53 Fishing Lines
27:20 Stone Mining
31:33 Medium Warships
[CH-FR]Frog
14:38 Feudal Age
15:16 Double-Bit Axe
16:51 Wheelbarrow
16:45 Fishing Lines
18:34 Horse Collar
24:20 Castle Age
24:55 Fletching
25:07 Padded Archer Armor
25:48 Bodkin Arrow
26:04 Gold Mining
26:41 Leather Archer Armor
26:33 Gillnets
26:49 Caravan
28:50 Bow Saw
29:48 Ballistics
29:50 Stone Mining
Tentramitrozo 100 mg
3:23 Loom
15:57 Feudal Age
20:27 Castle Age
20:20 Double-Bit Axe
20:18 Horse Collar
20:31 Stone Mining
20:41 Gold Mining
20:42 Fishing Lines
27:11 Imperial Age
25:17 Wheelbarrow
26:50 Fletching
29:51 Forging
30:28 Bloodlines
30:39 Citadels
hieutacoma
5:28 Loom
15:22 Feudal Age
15:56 Double-Bit Axe
15:58 Horse Collar
26:03 Castle Age
26:17 Bloodlines
29:43 Bow Saw
29:28 Stone Mining
29:28 Gold Mining
danielcastrokirby
17:00 Feudal Age
17:25 Horse Collar
17:37 Fishing Lines
19:21 Double-Bit Axe
20:31 Wheelbarrow
22:28 Gold Mining
26:02 Stone Mining
28:25 Castle Age
29:59 Stone Shaft Mining
29:38 Bow Saw
29:32 Heavy Plow
32:09 Scale Mail Armor
32:20 Forging
Lubuntu10.04LTS
5:44 Loom
13:39 Double-Bit Axe
15:11 Horse Collar
19:42 Feudal Age
19:00 Gold Mining
19:44 Stone Mining
21:51 Fletching
22:32 Scale Mail Armor
27:43 Castle Age
27:25 Forging
29:26 Stone Shaft Mining
29:33 Bow Saw
Connection lost

Rejoining the realm…

Still unreachable

The connection could not be restored.

Session expired

The server has moved on; the page needs a fresh start.